cohdb
Replays
Latest Replays
All Replays
Popular Replays
Top Player Replays
Match Explorer
How It Works
Community
CoH3 Stats
Reddit
Sign in to upload your games and track your stats! →
Sign in with Steam
Match 38157741
Unlisted
Match 38157741
Overview
Messages
Build Orders
End
Royal Engineer Section
Construct Section Command Post
Selects Heavy Armor Battlegroup
Infantry Section
Infantry Section
Infantry Section
Construct Platoon Command Post
Selects Rigorous Vehicle Training
Humber Armored Car
6-pounder Anti-tank Gun Team
Construct Field Infirmary
Grenade Package
Selects Crusader AA Medium Tank
Crusader AA Medium Tank
Selects UNKNOWN (2162094)
Construct Company Command Post
REGULATOR
烧花鸭烧雏鸡儿烧子鹅
0
0
Comments
sign in to comment!
No comments posted yet!